 Seeded DCSS version 0.30-a0-913-g9934a0ce24 (webtiles) character file.

Game seed: 746025190410677344 (custom seed)

802 a11behringer the Chopper (level 7, -9/93 HPs)
             Began as a Minotaur Berserker on Mar 19, 2023.
             Was a Believer of Trog.
             Mangled by an ogre
             ... wielding a +0 giant club
              (13 damage)
             ... on level 5 of the Dungeon.
             The game lasted 00:09:44 (3421 turns).

a11behringer the Chopper (Minotaur Berserker)       Turns: 3421, Time: 00:09:45

Health: -9/93      AC:  8    Str: 23    XL:     7   Next: 59%
Magic:  15/15      EV:  9    Int:  4    God:    Trog [**....]
Gold:   144        SH:  0    Dex: 10    Spells: 6/6 levels left

rFire   . . .      SeeInvis .    a - +0 hand axe
rCold   + . .      Faith    .    (no shield)
rNeg    + . .      Spirit   .    r - +0 chain mail
rPois   +          Reflect  .    (helmet restricted)
rElec   +          Rampage  .    n - +0 cloak
rCorr   .                        (no gloves)
Will    ++...                    d - +0 pair of boots "Deturch" {rElec rPois rN+ MP+9} Stlth
                                 (no amulet)
HPRegen 1.35/turn                m - ring of protection from cold
MPRegen 0.14/turn                (no ring)

@: berserking (expiring), strong-willed, corroded, regenerating, very quick
A: horns 2, retaliatory headbutt
a: Renounce Religion, Berserk, Trog's Hand


You were on level 5 of the Dungeon.
You worshipped Trog.
Trog was pleased with you.
You visited 1 branch of the dungeon, and saw 5 of its levels.

You collected 144 gold pieces.

Inventory:

Hand Weapons
 a - a +0 hand axe (weapon)
 s - a +0 sling
Armour
 b - a +0 animal skin
 c - a +0 leather armour of cold resistance
 d - the +0 pair of boots "Deturch" (worn) {rElec rPois rN+ MP+9}
   (You acquired it on level 3 of the Dungeon)

   rElec:     It insulates you from electricity.
   rPois:     It protects you from poison.
   rN:        It protects you from negative energy.
   MP:        It affects your magic capacity (+9).
 n - a +0 cloak (worn)
 r - a +0 chain mail (worn)
 y - the +0 pair of boots of Yqusae {rC+}
   (You found it on level 4 of the Dungeon)

   rC:        It protects you from cold.
Jewellery
 m - a ring of protection from cold (left hand)
Wands
 v - a wand of polymorph (3)
Scrolls
 k - a scroll of immolation {unknown}
 l - a scroll of teleportation {unknown}
 u - a scroll of fear
 x - a scroll of identify
Potions
 e - 4 potions of curing
 f - a potion of brilliance {unknown}
 g - a potion of flight {unknown}
 h - 2 potions of attraction
 i - a potion of invisibility {unknown}
 j - a potion of ambrosia
 o - 2 potions of degeneration
 p - a potion of haste {unknown}
 q - 2 potions of mutation
 t - a potion of berserk rage {unknown}
 w - a potion of might {unknown}


   Skills:
 + Level 5.8 Fighting
 * Level 7.4 Axes
 + Level 5.1 Armour
 + Level 4.6 Dodging


You had 6 spell levels left.
You didn't know any spells.
Your spell library was empty.

Dungeon Overview and Level Annotations

Branches:
Dungeon (5/15)
 Temple: D:4-7

Altars:

Annotations:
D:5 Grinder


Innate Abilities, Weirdness & Mutations

You have a pair of horns on your head.
You reflexively headbutt those who attack you in melee.


Message History

You are too injured to fight recklessly!
You are too injured to fight recklessly!
You are too injured to fight recklessly!
Your skin crawls.
You feel strong-willed.
The acid dragon bites you but does no damage.
The acid dragon claws you but does no damage.
A red film seems to cover your vision as you go berserk!
You feel yourself moving faster!
You feel mighty! The acid dragon bites you! The acid dragon claws you.
You hit the acid dragon. You headbutt the acid dragon.
The acid dragon is heavily wounded.
The acid dragon bites you!
* * * LOW HITPOINT WARNING * * *
The acid dragon claws you.
* * * LOW HITPOINT WARNING * * *
An iguana comes into view.
You slash the acid dragon!
The acid dragon is severely wounded.
The acid dragon bites you but does no damage.
The acid dragon claws you but does no damage.
You barely miss the acid dragon.
The acid dragon is severely wounded.
You hit the acid dragon. You headbutt the acid dragon!
You kill the acid dragon!
Trog accepts your kill.
The acid dragon scales are intact enough to wear.
Your Armour skill increases to level 5!
You hit the ogre.
The ogre is lightly wounded.
The ogre hits you with a +0 giant club!!
* * * LOW HITPOINT WARNING * * *
You hit the ogre. Your headbutt misses the ogre.
The ogre is moderately wounded.
You slash the ogre!
The ogre is heavily wounded.
You slash the ogre!
The ogre is almost dead.
You closely miss Grinder. The ogre hits you with a +0 giant club!
You die...

.## #. ..# #. #.#
#.# #.# .. #.### #l
####...##
#.####.....<.#
#.####.5##..#######
......O@...##
.######.#### #.#
#.# #.# #.. ###


You could see Grinder, an ogre and an iguana.

Vanquished Creatures
  An acid dragon (D:5)
  A black bear (D:4)
  An ogre (D:4)
  The ghost of AverageBear the Ducker, an amateur OpFi (D:4)
  A phantom (D:4)
  A bullfrog zombie (D:4)
  A hound (D:4)
  A centaur skeleton (D:4)
  2 iguanas (D:4)
  Ijyb (D:4)
  Natasha (thrice) (D:2)
  Robin (D:3)
  3 adders
  A worm (D:3)
  A dart slug (D:2)
  4 orcs
  4 ball pythons
  4 endoplasms
  5 giant cockroaches
  13 goblins
  3 hobgoblins
  4 jackals (D:1)
  7 quokkas
  3 bats
  4 frilled lizards
  4 kobolds
  10 rats
85 creatures vanquished.

Notes
Turn   | Place    | Note
-------+----------+-------------------------------------------
     0 | D:1      | a11behringer the Minotaur Berserker began the quest for the
                  | Orb.
     0 | D:1      | Reached XP level 1. HP: 19/19 MP: 0/0
   164 | D:1      | Reached XP level 2. HP: 27/27 MP: 1/1
   169 | D:1      | Reached skill level 4 in Axes
  1059 | D:2      | Reached XP level 3. HP: 29/33 MP: 2/2
  1140 | D:2      | Noticed Natasha
  1156 | D:2      | Killed Natasha
  1272 | D:2      | Noticed Natasha
  1278 | D:2      | Killed Natasha
  1278 | D:2      | Reached ** piety under Trog
  1279 | D:2      | Reached XP level 4. HP: 27/40 MP: 3/3
  1555 | D:2      | Noticed Natasha
  1560 | D:2      | Killed Natasha
  1561 | D:2      | Reached skill level 5 in Axes
  1954 | D:3      | Noticed Robin
  1964 | D:3      | Killed Robin
  1965 | D:3      | Reached XP level 5. HP: 37/47 MP: 4/4
  2222 | D:3      | Identified a scroll of acquirement
  2222 | D:3      | Acquired the +0 pair of boots "Deturch" {rElec rPois rN+
                  | MP+9}
  2517 | D:4      | Noticed an ogre
  2520 | D:4      | Killed an ogre
  2590 | D:4      | Reached XP level 6. HP: 55/55 MP: 5/5
  2673 | D:4      | Reached skill level 5 in Fighting
  2673 | D:4      | Reached skill level 6 in Axes
  2771 | D:4      | Noticed Ijyb
  2871 | D:4      | Killed Ijyb
  3064 | D:4      | Reached XP level 7. HP: 52/61 MP: 6/6
  3240 | D:4      | Found a runed translucent gate.
  3241 | D:4      | Found a runed translucent gate.
  3245 | D:4      | Found a runed translucent gate.
  3246 | D:4      | Noticed AverageBear's ghost (amateur OpFi)
  3254 | D:4      | Killed AverageBear's ghost
  3255 | D:4      | Reached skill level 7 in Axes
  3263 | D:4      | Identified the +0 pair of boots of Yqusae {rC+}
  3398 | D:5      | Entered Level 5 of the Dungeon
  3407 | D:5      | Noticed Grinder
  3418 | D:5      | Reached skill level 5 in Armour
  3418 | D:5      | HP: 2/93 [ogre/+0 giant club (22)]
  3421 | D:5      | Mangled by an ogre

Illustrated notes

Levels and vault maps discovered:
D:1:      doesnt_arrival_eight_statues, layout_basic, kennysheep_pointless_box,
          minmay_rat_gold_closets
D:2:      layout_basic, uniq_natasha
D:3:      layout_basic, uniq_robin
D:4:      kennysheep_six_static_rooms, layout_cave_pools,
          gammafunk_ghost_necromancy, uniq_ijyb
D:5:      layout_rooms, uniq_grinder

Skill      XL: |  1  2  3  4  5  6  7 |
---------------+----------------------+-----
Axes           | 4 5 6 7 |  7.4
Fighting       | 4 5 |  5.8
Armour         | 3 4 5 |  5.1
Dodging        | 3 4 |  4.6

Action                     |  1- 3 |  4- 6 |  7- 9 || total
---------------------------+-------+-------+-------++-------
  Melee: Hand axe          |    66 |   118 |    33 ||   217
         Headbutt          |    11 |    20 |    11 ||    42
         Punch             |       |     4 |     1 ||     5
         Unarmed           |       |     3 |       ||     3
 Invoke: Trog's Hand       |       |     2 |     1 ||     3
         Berserk           |       |     1 |     1 ||     2
    Use: Scroll            |       |    13 |       ||    13
 Armour: Leather armour    |    16 |     2 |       ||    18
         Chain mail        |       |    66 |    18 ||    84
         Skin              |       |     4 |       ||     4
  Dodge: Dodged            |    41 |    79 |    11 ||   131

Table legend: (Time is in decaauts)
 A = Elapsed time spent in this place.
 B = Non-inter-level travel time spent in this place.
 C = Inter-level travel time spent in this place.
 D = Time resting spent in this place.
 E = Time spent auto-exploring this place.
 F = Levels seen in this place.
 G = Mean time per level.
                   A        B        C        D        E       F      G
               +--------+--------+--------+--------+--------+-----+--------+
         Total |   3428 |   3208 |    220 |      0 |   2613 |   5 |  685.6 |
       Dungeon |   3428 |   3208 |    220 |      0 |   2613 |   5 |  685.6 |
               +--------+--------+--------+--------+--------+-----+--------+

Top non-repeatable levels by time:
     D:1: 998 daAuts
     D:4: 876 daAuts
     D:3: 804 daAuts
     D:2: 729 daAuts
     D:5: 19 daAuts
